 Dungeon Crawl Stone Soup version 0.22-a0-825-ga28c36f (webtiles) character file.

1584 BaronVonScrub the Nimble (level 8, -8/40 HPs)
             Began as a Spriggan Monk on July 24, 2018.
             Was an Initiate of Gozag.
             Mangled by a hornet (10 damage)
             ... on level 7 of the Dungeon.
             The game lasted 00:16:44 (10790 turns).

BaronVonScrub the Nimble (Spriggan Monk)           Turns: 10790, Time: 00:16:45

Health: -8/40      AC:  6    Str:  6 (7)  XL:     8   Next: 61%
Magic:  9/9        EV: 26    Int: 12      God:    Gozag
Gold:   544        SH:  0    Dex: 19 (20) Spells: 7/7 levels left

rFire    + . .     SeeInvis +     - Unarmed
rCold    . . .     Gourm    .   (shield restricted)
rNeg     . . .     Faith    .   a - +1 robe
rPois    .         Spirit   .   o - +0 hat
rElec    .         Reflect  .   g - +2 cloak
rCorr    .         Harm     .   (gloves unavailable)
MR       +....     Clarity  +   (boots unavailable)
Stlth    +++.......             (no amulet)
HPRegen  0.13/turn              m - +1 ring of slaying
MPRegen  0.11/turn              k - ring of protection from fire

@: lethally poisoned (-8 -> -21), slowed, quick
A: very small, unfitting armour, see invisible, clarity, herbivore, speed 3,
slow metabolism 2, MP-powered wands, sturdy frame 1
a: Potion Petition, Call Merchant, Bribe Branch, Renounce Religion


You were on level 7 of the Dungeon.
You worshipped Gozag.
Gozag was pleased with you.
You were not hungry.

You visited 1 branch of the dungeon, and saw 7 of its levels.

You collected 544 gold pieces.

Inventory:

Armour
 a - a +1 robe (worn)
 g - a +2 cloak (worn)
 o - a +0 hat (worn)
Jewellery
 c - an uncursed ring of resist corrosion
 k - a ring of protection from fire (right hand)
 m - a +1 ring of slaying (left hand)
 x - a -2 ring of protection
Wands
 d - a wand of iceblast (9)
 t - a wand of digging (16)
 u - a wand of acid (7)
Scrolls
 e - 6 scrolls of identify
 f - a scroll of magic mapping
 h - 2 scrolls of teleportation
 n - 3 scrolls of remove curse
 v - a scroll of fog
Potions
 i - 3 potions of agility
 j - a potion of magic {unknown}
 l - 2 potions of resistance
 q - a potion of flight
 r - 2 potions of curing
 s - a potion of heal wounds
Comestibles
 b - 7 rations


   Skills:
 + Level 3.2 Fighting
 + Level 9.1 Dodging
 - Level 3.4 Stealth
 + Level 7.9 Unarmed Combat


You had 7 spell levels left.
You didn't know any spells.
Your spell library was empty.

Dungeon Overview and Level Annotations

Branches:
Dungeon (7/15)             Temple (0/1) D:6

Altars:
Ashenzari
Cheibriados
Gozag
Makhleb
Trog
Wu Jian
Yredelemnul

Annotations:
D:4 Violenta's ghost, amateur MiMo


Innate Abilities, Weirdness & Mutations

You are very small and have problems with some larger weapons.
You are too small for most types of armour.
You have supernaturally acute eyesight. (SInv)
You are a herbivore.
You cover ground extremely quickly.
You need to consume almost no food.
You possess an exceptional clarity of mind.
You expend magic power (3 MP) to strengthen your wands.
Your movements are slightly less encumbered by armour. (ER -2)


Message History

You shrug off the repeated paralysis!
You can move again.
You are too injured to fight recklessly!
You are too injured to fight recklessly!
You are too injured to fight recklessly!
You hit the hornet but do no damage.
The hornet is heavily wounded.
You feel sick. The hornet completely misses you.
You barely miss the hornet.
The hornet is heavily wounded.
The hornet stings you!
* * * LOW HITPOINT WARNING * * *
You are more poisoned.
You feel yourself slow down. The hornet completely misses you.
You hit the hornet.
The hornet is heavily wounded.
* * * LOW HITPOINT WARNING * * *
You feel sick. The hornet stings you!
You die...
Your body crumbles into a pile of gold.

.##########
>......y@.#
....
......###.#
....
..........#
....
.#.##.##..#.#.#
...l
#....<.....#
....
###.####.###
.... ... .#
.... ..## #
######## ..


You could see a hornet.

Vanquished Creatures
  Sigmund (D:4)
  Menkaure (D:4)
  An ogre (D:4)
  2 necrophages
  A centaur (D:5)
  2 bullfrogs (D:6)
  A scorpion (D:5)
  A howler monkey (D:6)
  2 crimson imps
  A bullfrog zombie (D:6)
  A centaur zombie (D:6)
  A jelly (D:6)
  2 orc priests (D:6)
  2 hounds
  3 orc wizards
  Ijyb (D:4)
  Terence (D:3)
  3 worker ants
  Natasha (D:4)
  2 hound skeletons (D:5)
  3 gnolls
  7 adders
  A river rat (D:3)
  A shadow imp (D:6)
  2 oozes (D:1)
  2 adder skeletons (D:6)
  A worm (D:3)
  4 leopard geckos
  12 orcs
  3 giant cockroaches
  8 goblins
  6 hobgoblins
  4 jackals (D:4)
  2 quokkas
  2 ball pythons
  9 bats
  3 frilled lizards
  3 kobolds
  A quokka skeleton (D:5)
  10 rats
114 creatures vanquished.

Notes
Turn   | Place    | Note
-------+----------+-------------------------------------------
     0 | D:1      | BaronVonScrub the Spriggan Monk began the quest for the Orb.
     0 | D:1      | Reached XP level 1. HP: 11/11 MP: 2/2
    80 | D:1      | Reached XP level 2. HP: 9/16 MP: 3/3
   707 | D:1      | Reached skill level 5 in Dodging
  1047 | D:1      | Reached XP level 3. HP: 19/19 MP: 4/4
  2235 | D:3      | Reached XP level 4. HP: 16/23 MP: 5/5
  2438 | D:3      | Noticed Terence
  2491 | D:3      | Killed Terence
  3090 | D:3      | Reached XP level 5. HP: 21/27 MP: 6/6
  3647 | D:4      | Found an ornate altar of the Wu Jian Council.
  3680 | D:4      | Noticed an ogre
  4044 | D:4      | Killed an ogre
  4044 | D:4      | Reached skill level 6 in Dodging
  4198 | D:4      | Reached XP level 6. HP: 32/32 MP: 7/7
  4316 | D:4      | Noticed Sigmund
  4502 | D:4      | Noticed Menkaure
  4515 | D:4      | HP: 1/32 [Menkaure/nerve-wracking pain (10)]
  4516 | D:4      | Killed Menkaure
  4516 | D:4      | Reached skill level 5 in Unarmed Combat
  4900 | D:4      | Found a bloodstained altar of Trog.
  4959 | D:4      | Found a transporter.
  4976 | D:4      | Gained mutation: Your movements are slightly less encumbered by armour. (ER -2) [potion of mutation]
  4976 | D:4      | Gained mutation: You expend magic power (3 MP) to strengthen your wands. [potion of mutation]
  4976 | D:4      | Gained mutation: You possess an exceptional clarity of mind. [potion of mutation]
  5016 | D:4      | Noticed Violenta's ghost (amateur MiMo)
  5018 | D:4      | Found a transporter.
  5038 | D:4      | Noticed Ijyb
  5084 | D:4      | Killed Ijyb
  5451 | D:4      | Killed Sigmund
  5451 | D:4      | Reached skill level 7 in Dodging
  5451 | D:4      | Reached XP level 7. HP: 10/35 MP: 8/8
  5761 | D:4      | Noticed Natasha
  5771 | D:4      | Killed Natasha
  6070 | D:5      | Entered Level 5 of the Dungeon
  6562 | D:5      | Found a burning altar of Makhleb.
  6592 | D:5      | Found an opulent altar of Gozag.
  6679 | D:5      | Reached skill level 8 in Dodging
  6712 | D:5      | Became a worshipper of Gozag Ym Sagoz the Greedy
  6880 | D:5      | Found a shattered altar of Ashenzari.
  7801 | D:6      | Reached XP level 8. HP: 9/40 MP: 9/9
  9113 | D:6      | Found a snail-covered altar of Cheibriados.
  9851 | D:6      | Reached skill level 9 in Dodging
  9886 | D:6      | Found a basalt altar of Yredelemnul.
 10110 | D:6      | Found a staircase to the Ecumenical Temple.
 10637 | D:7      | Noticed a gargoyle
 10782 | D:7      | Noticed a hornet
 10786 | D:7      | Paralysed by a hornet for 1 turns
 10790 | D:7      | HP: 2/40 [poisoned by a hornet]
 10790 | D:7      | Mangled by a hornet

Vault maps used:
D:1:      onia_arrival_mini_maze
D:2:      first_ration
D:3:      gup_sewer_entry_bowl, uniq_terence
D:4:      kennysheep_the_goblin_king, nicolae_overflow_crystal_walls,
          lightli_temple_of_fire, gammafunk_ghost_smash, uniq_natasha,
          uniq_menkaure, uniq_sigmund
D:5:      grunt_gozag_breadcrumbs, bloody_makhleb, basic_altar
D:6:      old_standard_altar, temple_hall, basic_altar,
          hangedman_abyss_or_decor_stabs
D:7:      minmay_the_grid_triangle_9x9_rhombus_thin, lemuel_crystal_altar,
          sword_in_stone

Skill      XL: |  1  2  3  4  5  6  7  8 |
---------------+-------------------------+-----
Dodging        | 5 6 7 8 9 |  9.1
Unarmed Combat | 3 4 5 6 7 |  7.9
Fighting       | 3 |  3.2
Stealth        | |  3.4

Action                   |  1- 3 |  4- 6 |  7- 9 || total
-------------------------+-------+-------+-------++-------
Melee: Unarmed           |   234 |   282 |   346 ||   862
       Punch             |     3 |     7 |    12 ||    22
  Use: Scroll            |     4 |     6 |     2 ||    12
       Potion            |     3 |     4 |     2 ||     9
 Stab: Sleeping          |    10 |     4 |     9 ||    23
       Invisible         |     7 |       |       ||     7
       Distracted        |       |     1 |     1 ||     2
  Eat: Ration            |       |     1 |     4 ||     5
Armor: Robe              |    27 |    17 |    17 ||    61
Dodge: Dodged            |   237 |   257 |   232 ||   726

Table legend:
 A = Spawn XP
 B = Non-spawn XP
 C = Spawn XP percentage of total XP
 D = Spawn monster count
 E = Non-spawn monster count
 F = Spawn count percentage of total count
 G = Total turns spent on level
                    A         B        C        D         E        F      G
               +---------+---------+-------+---------+---------+-------+---------
         Total |       0 |    2263 |   0.0 |       0 |     114 |   0.0 | 10790
               +---------+---------+-------+---------+---------+-------+---------
           D:1 |       0 |      42 |   0.0 |       0 |      22 |   0.0 |  1272
           D:2 |       0 |      23 |   0.0 |       0 |       8 |   0.0 |   504
           D:3 |       0 |     148 |   0.0 |       0 |      19 |   0.0 |  1910
           D:4 |       0 |     675 |   0.0 |       0 |      23 |   0.0 |  2384
           D:5 |       0 |     470 |   0.0 |       0 |      13 |   0.0 |  2215
           D:6 |       0 |     780 |   0.0 |       0 |      28 |   0.0 |  2418
           D:7 |       0 |     125 |   0.0 |       0 |       1 |   0.0 |    87
               +---------+---------+-------+---------+---------+-------+---------
